 Dungeon Crawl Stone Soup version 0.28-a0-969-g2dcde036d2 (webtiles) character file.

Game seed: 2890484605711953998

88 HessuHobo the Skirmisher (level 4, 0/35 HPs)
             Began as a Human Fighter on Dec 1, 2021.
             Was an Initiate of Hepliaklqana.
             Slain by a scorpion (8 damage)
             ... on level 5 of the Dungeon.
             The game lasted 00:04:04 (3460 turns).

HessuHobo the Skirmisher (Human Fighter)            Turns: 3460, Time: 00:04:05

Health: 0/35       AC:  9    Str: 19    XL:     4   Next: 82%
Magic:  4/4        EV:  5    Int:  8    God:    Hepliaklqana [......]
Gold:   110        SH: 10    Dex: 12    Spells: 3/3 levels left

rFire   . . .      SeeInvis .   m - +1 short sword (venom)
rCold   . . .      Faith    .   k - +2 kite shield
rNeg    . . .      Spirit   .   f - +0 chain mail
rPois   .          Reflect  .   (no helmet)
rElec   .          Harm     .   (no cloak)
rCorr   .          Rampage  .   (no gloves)
Will    .....                   (no boots)
Stlth   ..........              (no amulet)
HPRegen 0.11/turn               (no ring)
MPRegen 0.09/turn               (no ring)

@: about to teleport
A: no striking features
a: Renounce Religion


You were on level 5 of the Dungeon.
You worshipped Hepliaklqana.
Hepliaklqana was noncommittal.
You visited 1 branch of the dungeon, and saw 5 of its levels.

You collected 110 gold pieces.

Inventory:

Hand Weapons
 a - a +0 rapier
 i - a +0 mace of holy wrath
 m - a +1 short sword of venom (weapon)
Armour
 b - a +0 scale mail
 c - a +0 buckler
 f - a +0 chain mail (worn)
 h - a +0 ring mail
 k - a +2 kite shield (worn)
Jewellery
 e - a ring of magical power
Scrolls
 d - a scroll of fear {unknown}
 g - a scroll of amnesia
 o - a scroll of brand weapon {unknown}
 p - a scroll of enchant weapon {unknown}
 q - a scroll of vulnerability {unknown}
Potions
 j - a potion of heal wounds {unknown}
 l - a potion of haste {unknown}
 r - a potion of curing {unknown}
 s - a potion of cancellation {unknown}
 t - a potion of degeneration {unknown}


   Skills:
 + Level 3.5 Fighting
 + Level 2.6(2.9) Short Blades
 + Level 1.5(2.3) Long Blades
 + Level 3.5 Armour
 + Level 3.5 Shields


You had 3 spell levels left.
You didn't know any spells.
Your spell library contained the following spells:

 Spells                   Type           Power      Damage    Failure   Level
 Dazzling Flash           Conj/Hex       0%         N/A       100%        3
 Agony                    Necr           0%         N/A       100%        5
 Silence                  Hex/Air        0%         N/A       100%        5


Dungeon Overview and Level Annotations

Branches:
Dungeon (5/15)
 Temple: D:4-7

Altars:
Hepliaklqana
Sif Muna


Message History

Found a trident.
There is a stone staircase leading up here.
The white imp gestures at you. The puff of frost hits you.
Found a fizzy sapphire potion.
The white imp hits you. The white imp freezes you.
You hit the white imp.
The white imp is lightly wounded.
The white imp gestures at you. The puff of frost hits you.
The white imp closely misses you.
You hit the white imp but do no damage.
The white imp is lightly wounded.
The white imp hits you but does no damage.
You hit the white imp but do no damage.
The white imp is lightly wounded.
The white imp barely misses you.
You hit the white imp.
The white imp is poisoned.
The white imp is moderately wounded.
The white imp hits you but does no damage.
A scorpion comes into view.
The white imp gestures at you. The puff of frost hits you.
Found a stone staircase leading down.
You block the scorpion's attack. The white imp gestures at you.
The puff of frost hits you!
* * * LOW HITPOINT WARNING * * *
Okay, then.
As you read the scroll labelled AXECIO BONEEC, it crumbles to dust.
It is a scroll of amnesia.
You feel forgetful for a moment. The scorpion stings you.
* * * LOW HITPOINT WARNING * * *
The white imp gestures at you.
The puff of frost hits you but does no damage.
You block the scorpion's attack.
As you read the scroll labelled QIEJIA TIUPTEN, it crumbles to dust.
You feel strangely unstable.
It was a scroll of teleportation.
The white imp gestures at you. You block the puff of frost.
The scorpion stings you!
You die...

...............#
#............#
##...........# #
#....<.......# #.
#............#
#.>#+#####......#
.........5..#####
.......s....###
.......@....)...
......!..........
.................
.................
.################


You could see a scorpion and a white imp (poisoned).

Vanquished Creatures
  A hound (D:3)
  Jessica (D:3)
  A worm (D:3)
  2 dart slugs
  An orc (D:4)
  7 ball pythons
  4 endoplasms
  A giant cockroach (D:1)
  A hobgoblin (D:1)
  A kobold (D:2)
  A quokka (D:1)
  A bat (D:2)
  A frilled lizard (D:2)
  A goblin (D:1)
24 creatures vanquished.

Notes
Turn   | Place    | Note
-------+----------+-------------------------------------------
     0 | D:1      | HessuHobo the Human Fighter began the quest for the Orb.
     0 | D:1      | Reached XP level 1. HP: 18/18 MP: 1/1
    20 | D:1      | Found a faded altar of an unknown god.
   206 | D:1      | Reached XP level 2. HP: 19/24 MP: 2/2
  2170 | D:3      | Reached XP level 3. HP: 29/29 MP: 3/3
  2636 | D:3      | Noticed Jessica
  2645 | D:3      | Killed Jessica
  2646 | D:3      | Reached skill level 1 in Long Blades
  2646 | D:3      | Reached XP level 4. HP: 34/35 MP: 4/4
  2781 | D:3      | Found a hazy altar of Hepliaklqana.
  2804 | D:3      | Became a worshipper of Hepliaklqana the Forgotten
  3368 | D:4      | Found a shimmering blue altar of Sif Muna.
  3436 | D:4      | Noticed an ogre
  3443 | D:5      | Entered Level 5 of the Dungeon
  3455 | D:5      | Noticed a scorpion
  3460 | D:5      | Slain by a scorpion

Illustrated notes

Levels and vault maps discovered:
D:1:      elethiomel_arrival_infinity_welcomes_careful_drivers,
          layout_loops_cross, dreamdust_ecumenical_altar_grove
D:2:      layout_loops_cross, serial_shops, shop, kennysheep_another_room,
          solitary_fountain
D:3:      layout_loops_cross, mainiacjoe_overflow_concentric_impassable,
          small_statue_intersection, chequers_serial_rivers_micro_c,
          uniq_jessica
D:4:      layout_loops_corners, mainiacjoe_overflow_alcove_2,
          minmay_temple_entry_hall, uniq_robin, uniq_ijyb, uniq_pikel
D:5:      layout_basic, lemuel_doored_altar, general_overflow_altar,
          gammafunk_ghost_necromancy

Skill      XL: |  1  2  3 |
---------------+----------+-----
Long Blades    | 1 |  1.5
Fighting       | |  3.5
Short Blades   | |  2.6
Armour         | |  3.5
Shields        | |  3.5

Action                   |  1- 3 |  4- 6 || total
-------------------------+-------+-------++-------
Melee: Rapier            |    38 |       ||    38
       Mace              |    11 |       ||    11
       Short sword       |    21 |    20 ||    41
  Use: Scroll            |       |     2 ||     2
       Potion            |       |     1 ||     1
Armor: Chain mail        |    22 |     8 ||    30
       Scale mail        |     1 |       ||     1
       Ring mail         |     2 |       ||     2
Dodge: Dodged            |    13 |     7 ||    20
Block: Buckler           |    10 |       ||    10
       Kite shield       |    16 |     8 ||    24

Table legend: (Time is in decaauts)
 A = Elapsed time spent in this place.
 B = Non-inter-level travel time spent in this place.
 C = Inter-level travel time spent in this place.
 D = Time resting spent in this place.
 E = Time spent auto-exploring this place.
 F = Levels seen in this place.
 G = Mean time per level.
                   A        B        C        D        E       F      G
               +--------+--------+--------+--------+--------+-----+--------+
         Total |   3479 |   3428 |     51 |   1720 |   1321 |   5 |  695.8 |
       Dungeon |   3479 |   3428 |     51 |   1720 |   1321 |   5 |  695.8 |
               +--------+--------+--------+--------+--------+-----+--------+

Top non-repeatable levels by time:
     D:1: 1240 daAuts
     D:3: 1235 daAuts
     D:2: 889 daAuts
     D:4: 95 daAuts
     D:5: 17 daAuts
